 Dungeon Crawl Stone Soup version 0.30-a0-596-g0af90f9a20 (webtiles) character file.

Game seed: 1296197757433278305

18 drugrobin the Sneak (level 2, 0/25 HPs)
             Began as a Demigod Delver on Jan 6, 2023.
             Succumbed to an adder's poison
             ... on level 5 of the Dungeon.
             The game lasted 00:01:22 (193 turns).

drugrobin the Sneak (Demigod Delver)                 Turns: 193, Time: 00:01:22

Health: 0/25       AC:  3    Str: 13    XL:     2   Next: 33%
Magic:  4/4        EV: 11    Int: 12    God:
Gold:   13         SH:  0    Dex: 15    Spells: 1/1 levels left

rFire   . . .      SeeInvis .      - Unarmed
rCold   . . .      Faith    .    (no shield)
rNeg    . . .      Spirit   .    a - +0 leather armour
rPois   .          Reflect  .    (no helmet)
rElec   .          Harm     .    (no cloak)
rCorr   .          Rampage  .    (no gloves)
Will    .....                    (no boots)
Stlth   +++                      (no amulet)
HPRegen 0.24/turn                (no ring)
MPRegen 0.09/turn                (no ring)

@: lethally poisoned (0 -> -3)
A: high MP 1, forlorn, divine attributes
a: no special abilities


You were on level 5 of the Dungeon.
You visited 1 branch of the dungeon, and saw 1 of its levels.

You collected 13 gold pieces.

Inventory:

Hand Weapons
 c - a +0 shortbow
Missiles
 g - 13 stones (quivered)
Armour
 a - a +0 leather armour (worn)
Wands
 f - a wand of digging (3)
Scrolls
 b - a scroll of fog
 d - a scroll of fear
 i - a scroll of magic mapping
Potions
 e - a potion of haste


   Skills:
 - Level 2.6 Fighting
 - Level 1.7 Dodging
 - Level 4.5 Stealth
 + Level 2.9 Unarmed Combat


You had one spell level left.
You didn't know any spells.
Your spell library was empty.

Dungeon Overview and Level Annotations

Branches:
Dungeon (5/15)
 Temple: D:4-7

Annotations:
D:5 exclusion: black bear, Ijyb


Innate Abilities, Weirdness & Mutations

You have an increased reservoir of magic. (+10% MP)
You shall have no god before yourself.
Your divine heritage dramatically boosts your attributes as you level up.


Message History

You hit the adder.
The adder is almost dead.
You feel sick. The adder bites you.
You miss the adder.
The adder is almost dead.
You feel sick. The adder bites you. The adder bites you but does no damage.
You hit the adder but do no damage.
The adder is almost dead.
You feel sick. The adder closely misses you.
You closely miss the adder.
The adder is almost dead.
You feel sick.
You are no longer poisoned.
The adder barely misses you.
You closely miss the adder.
The adder is almost dead.
The adder bites you but does no damage.
You miss the adder.
The adder is almost dead.
The adder bites you.
* * * LOW HITPOINT WARNING * * *
You are lethally poisoned!
The adder poisons you! The adder bites you.
* * * LOW HITPOINT WARNING * * *
You hit the adder.
You kill the adder!
* * * LOW HITPOINT WARNING * * *
You feel sick.
You have reached level 2!
Okay, then.
As you read the scroll labelled BETIEC EKLANOE, it crumbles to dust.
It is a scroll of identify.
You don't currently have any unidentified items.
* * * LOW HITPOINT WARNING * * *
You feel sick.
Unknown command.
There is a lethal amount of poison in your body!
* * * LOW HITPOINT WARNING * * *
You feel sick.
You die...

#....................##
#.....................
#.......).#...........
#.........###########
#........## ##.....###
##...## ##.## #.@#
#.####### #.##....#
##.......# #........##
##........# #.........#
#.........# #.........#


There were no monsters in sight!

Vanquished Creatures
  2 adders (D:5)
2 creatures vanquished.

Notes
Turn   | Place    | Note
-------+----------+-------------------------------------------
     0 | D:5      | drugrobin the Demigod Delver began the quest for the Orb.
     0 | D:5      | Reached XP level 1. HP: 18/18 MP: 3/3
    40 | D:5      | Noticed Ijyb
    59 | D:5      | Noticed a black bear
   191 | D:5      | Reached XP level 2. HP: 2/25 MP: 4/4
   192 | D:5      | HP: 1/25 [poisoned by an adder]
   193 | D:5      | Succumbed to an adder's poison

Illustrated notes

Levels and vault maps discovered:
D:5:      layout_cave_pods, mainiacjoe_overflow_brackets,
          hangedman_decor_growths, uniq_sigmund, uniq_grinder, uniq_ijyb,
          uniq_prince_ribbit1, uniq_blork_the_orc

Skill      XL: |  1 |
---------------+----+-----
Unarmed Combat | 2 |  2.9
Fighting       | |  2.6
Dodging        | |  1.7
Stealth        | |  4.5

Action                   || total
-------------------------++-------
Melee: Unarmed           ||     9
 Fire: Shortbow          ||     6
  Use: Scroll            ||     1
Armor: Leather armour    ||     2
Dodge: Dodged            ||     2

Table legend: (Time is in decaauts)
 A = Elapsed time spent in this place.
 B = Non-inter-level travel time spent in this place.
 C = Inter-level travel time spent in this place.
 D = Time resting spent in this place.
 E = Time spent auto-exploring this place.
 F = Levels seen in this place.
 G = Mean time per level.
                   A        B        C        D        E       F      G
               +--------+--------+--------+--------+--------+-----+--------+
         Total |    193 |    186 |      7 |      0 |     11 |   1 |  193.0 |
       Dungeon |    193 |    186 |      7 |      0 |     11 |   1 |  193.0 |
               +--------+--------+--------+--------+--------+-----+--------+

Top non-repeatable levels by time:
     D:5: 193 daAuts
